 Dungeon Crawl Stone Soup version 0.26-a0-812-g31a745ddcd (webtiles) character file.

Game seed: 17385339362467889242

4295 night the Conjurer (level 10, -3/63 HPs)
             Began as a Demonspawn Air Elementalist on Nov 25, 2020.
             Was a Priest of Vehumet.
             Slain by a warg (12 damage)
             ... on level 9 of the Dungeon.
             The game lasted 00:37:42 (14110 turns).

night the Conjurer (Demonspawn Air Elementalist)   Turns: 14110, Time: 00:37:42

Health: -3/63      AC: 11    Str:  8    XL:     10   Next: 11%
Magic:  0/21       EV: 12    Int: 21    God:    Vehumet [***...]
Gold:   424        SH:  0    Dex: 17    Spells: 9/24 levels left

rFire    . . .     SeeInvis .   b - +0 dagger
rCold    + . .     Faith    +   (no shield)
rNeg     . . .     Spirit   +   f - +0 steam dragon scales
rPois    .         Reflect  .   (no helmet)
rElec    .         Harm     .   o - +0 cloak
rCorr    .         Rampage  .   n - +1 pair of gloves
MR       .....                  p - +2 pair of boots
Stlth    ++++......             c - amulet of faith
HPRegen  0.20/turn              E - ring of protection from cold
MPRegen  0.34/turn              q - ring of flight

@: no status effects
A: claws 1, thin skeletal structure 2, magic shield, magic regeneration
a: Renounce Religion, Evoke Flight


You were on level 9 of the Dungeon.
You worshipped Vehumet.
Vehumet was most pleased with you.
You visited 1 branch of the dungeon, and saw 9 of its levels.

You collected 626 gold pieces.
You spent 202 gold pieces at shops.

Inventory:

Hand Weapons
 b - a +0 dagger (weapon)
Missiles
 D - 24 poisoned darts (quivered)
 G - 8 curare-tipped darts
Armour
 f - +0 steam dragon scales (worn)
 n - a +1 pair of gloves (worn)
 o - a +0 cloak (worn)
 p - a +2 pair of boots (worn)
 y - a +0 buckler
 H - a scarf of resistance
Jewellery
 c - an amulet of faith (around neck)
 q - a ring of flight (right hand)
 r - a cursed amulet of inaccuracy {unknown}
 v - a cursed amulet of inaccuracy {unknown}
 E - a ring of protection from cold (left hand)
Wands
 a - a wand of paralysis (8)
 j - a wand of digging (7)
 m - a wand of iceblast (21)
 C - a wand of acid (13)
Scrolls
 d - 5 scrolls of remove curse
 e - 5 scrolls of teleportation
 s - 2 scrolls of magic mapping
 B - 5 scrolls of identify
 F - a scroll of brand weapon {unknown}
 I - a scroll of amnesia
Potions
 g - a potion of mutation
 h - a potion of berserk rage
 i - 2 potions of degeneration
 k - 4 potions of flight
 l - a potion of lignification
 t - a potion of heal wounds
 u - 2 potions of brilliance
 w - 2 potions of haste
 x - a potion of cancellation {unknown}
 z - 4 potions of curing
 A - a potion of might {unknown}


   Skills:
 - Level 1.7 Dodging
 - Level 1.7 Stealth
 + Level 5.0 Unarmed Combat
 + Level 7.5 Spellcasting
 + Level 7.8 Conjurations
 + Level 7.7 Air Magic


You had 9 spell levels left.
You knew the following spells:

 Your Spells              Type           Power        Failure   Level
a - Shock                 Conj/Air       ####         1%          1
b - Airstrike             Air            #####.....   1%          4
c - Swiftness             Air            #####...     1%          2
d - Static Discharge      Conj/Air       #####...     1%          3
e - Lightning Bolt        Conj/Air       #####.....   2%          5

Your spell library contained the following spells:

 Spells                   Type           Power        Failure   Level
 Frozen Ramparts          Ice            #.....       7%          3
 Foxfire                  Conj/Fire      ###.         1%          1
 Magic Dart               Conj           ####         1%          1
 Conjure Flame            Conj/Fire      ###.....     1%          3
 Mephitic Cloud           Conj/Pois/Air  ####....     1%          3
 Stone Arrow              Conj/Erth      ###...       1%          3
 Sandblast                Erth           #.....       2%          1
 Sticky Flame             Conj/Fire      ###.....     4%          4
 Inner Flame              Hex/Fire       #.......     7%          3
 Summon Small Mammal      Summ           #...         9%          1
 Blink                    Tloc           N/A          13%         2
 Call Imp                 Summ           #.......     13%         2
 Passwall                 Tmut/Erth      #.......     13%         2
 Slow                     Hex            #.......     13%         2
 Fireball                 Conj/Fire      ###.......   13%         5
 Summon Lightning Spire   Summ/Air       ###.....     17%         4
 Call Canine Familiar     Summ           #.......     26%         3
 Summon Guardian Golem    Hex/Summ       #.......     26%         3
 Lee's Rapid Deconstruct  Erth           #.........   50%         5
 Petrify                  Tmut/Erth      #.......     63%         4
 Summon Ice Beast         Ice/Summ       #.......     63%         4


Dungeon Overview and Level Annotations

Branches:
Dungeon (9/15)             Temple (0/1) D:5
   Lair: D:8-11         Orc: D:9-12

Altars:
Ashenzari
Hepliaklqana
Kikubaaqudgha
Nemelex Xobeh
Ru
Vehumet
Xom
Yredelemnul

Shops:
D:5 ?[(   D:6 *

Annotations:
D:4 2 transporters
D:6 2 runed translucent doors, End1zNear's ghost, novice MiFi


Innate Abilities, Weirdness & Mutations

You have sharp fingernails.
You have a moderately thin skeletal structure. (Dex +4, Stealth+)
When hurt, damage is shared between your health and your magic reserves.
You regenerate magic rapidly.


Message History

You don't have enough magic to cast that spell.
You barely miss the warg.
The warg is almost dead.
The warg bites you but does no damage.
You closely miss the warg.
The warg is almost dead.
The warg barely misses you. The warg closely misses you.
You barely miss the warg.
The warg is almost dead.
The warg bites you.
You hit the warg but do no damage.
The warg is almost dead.
The warg stops to sniff the ground.
The warg barely misses you.
You closely miss the warg. You punch the warg.
The warg is almost dead.
The warg bites you!
* * * LOW HITPOINT WARNING * * *
The warg bites you!
You die...

########### ..........##
##⌠.⌠#.#.#########
#.######.._..##.........#
.........⌠.⌠..#...#####.#
........##........#####.###
..#####.#####..#...........
#.....##..############
#..##@##..# #######
#..##h##..# #......
#..##)##..######.#####
#.....................
............######.#####
.....##.##..# #.##... .....
... .#.#####.##.## ###. #)#
##......#.#.# # #.#
#.####...###.


You could see a warg.

Vanquished Creatures
  Sigmund (D:4)
  2 wyverns
  A steam dragon (D:5)
  Menkaure (D:4)
  2 wargs (D:9)
  A water moccasin (D:6)
  A phantom (D:8)
  A sky beast (D:8)
  7 ogres
  3 centaurs
  3 orc warriors
  A bullfrog (D:8)
  A scorpion (D:8)
  3 killer bees (D:8)
  4 wights (D:9)
  A howler monkey (D:6)
  2 bullfrog zombies
  3 jellies
  A centaur zombie (D:6)
  3 hounds
  A centaur skeleton (D:7)
  9 orc priests
  A gnoll shaman (D:6)
  An iguana (D:6)
  6 orc wizards
  12 worker ants
  2 hound zombies
  A howler monkey skeleton (D:8)
  3 worker ant zombies
  9 gnolls
  9 adders
  A shadow imp (D:4)
  4 ufetubi
  An ooze (D:5)
  6 worms
  5 dart slugs
  9 leopard geckos
  19 orcs
  2 ball pythons (D:3)
  5 bats
  3 giant cockroaches
  8 goblins
  24 hobgoblins
  15 jackals
  4 quokkas
  16 frilled lizards
  A jackal skeleton (D:4)
  7 kobolds
  2 leopard gecko skeletons
  2 quokka skeletons (D:4)
  6 rats
236 creatures vanquished.

Vanquished Creatures (others)
  27 plants
27 creatures vanquished.

Grand Total: 263 creatures vanquished

Notes
Turn   | Place    | Note
-------+----------+-------------------------------------------
     0 | D:1      | night the Demonspawn Air Elementalist began the quest for
                  | the Orb.
     0 | D:1      | Reached XP level 1. HP: 13/13 MP: 3/3
   186 | D:1      | Gained mutation: When hurt, damage is shared between your
                  | health and your magic reserves. [demonic ancestry]
   186 | D:1      | Reached XP level 2. HP: 19/19 MP: 0/5
   199 | D:1      | HP: 2/19 [hobgoblin/+0 club (4)]
  1025 | D:1      | Reached XP level 3. HP: 24/24 MP: 4/6
  1069 | D:1      | Learned a level 3 spell: Static Discharge
  1420 | D:1      | Reached skill level 2 in Conjurations
  1665 | D:1      | You fall into a shaft and drop 1 floor!
  2495 | D:2      | Reached XP level 4. HP: 16/30 MP: 1/8
  2637 | D:2      | Learned a level 2 spell: Swiftness
  4342 | D:3      | Gained mutation: You have a somewhat thin skeletal
                  | structure. (Dex +2, Stealth) [demonic ancestry]
  4342 | D:3      | Reached XP level 5. HP: 35/35 MP: 5/9
  5029 | D:4      | Found a transporter.
  5078 | D:4      | Reached XP level 6. HP: 35/41 MP: 0/11
  5191 | D:4      | Noticed Sigmund
  5211 | D:4      | HP: 3/41 [something/magic dart (5)]
  5630 | D:4      | Killed Sigmund
  5667 | D:4      | Reached XP level 7. HP: 23/46 MP: 3/13
  5881 | D:4      | HP: 6/46 [poisoned by a worker ant]
  5888 | D:4      | HP: 5/46 [poisoned by a worker ant]
  5896 | D:4      | HP: 4/46 [poisoned by a worker ant]
  6238 | D:4      | Reached skill level 5 in Air Magic
  6350 | D:4      | Found a transporter.
  6421 | D:4      | Noticed Menkaure
  6428 | D:4      | Killed Menkaure
  6895 | D:5      | Entered Level 5 of the Dungeon
  6922 | D:5      | Found a broken altar of Ashenzari.
  6931 | D:5      | Found a radiant altar of Vehumet.
  6942 | D:5      | Became a worshipper of Vehumet
  7018 | D:5      | Noticed a steam dragon
  7029 | D:5      | HP: 6/46 [steam dragon (10)]
  7035 | D:5      | HP: 6/46 [steam dragon/ball of steam (11)]
  7038 | D:5      | Killed a steam dragon
  7038 | D:5      | Reached skill level 5 in Spellcasting
  7038 | D:5      | Reached skill level 5 in Conjurations
  7338 | D:5      | Learned a level 4 spell: Airstrike
  7346 | D:5      | Gained mutation: You have sharp fingernails. [demonic
                  | ancestry]
  7346 | D:5      | Reached XP level 8. HP: 39/52 MP: 8/15
  7494 | D:5      | Learned a level 5 spell: Lightning Bolt
  7705 | D:5      | Found Nettyoz's Armour Shop.
  7711 | D:5      | Found Qarif's Weapon Shoppe.
  7854 | D:5      | Found a staircase to the Ecumenical Temple.
  7963 | D:5      | Reached skill level 1 in Unarmed Combat
  8075 | D:5      | Found Viquv's Magic Scroll Boutique.
  8239 | D:6      | Found a runed translucent door.
  8244 | D:6      | Noticed End1zNear's ghost (novice MiFi)
  8477 | D:6      | Found a runed translucent door.
  8693 | D:6      | Found Poygam's Assorted Antiques.
  8713 | D:6      | Bought a pair of glowing boots for 202 gold pieces
  8742 | D:6      | Found a shimmering altar of Xom.
  8869 | D:6      | Reached * piety under Vehumet
  8869 | D:6      | Offered knowledge of Sandblast by Vehumet.
  8930 | D:6      | Reached skill level 2 in Unarmed Combat
  9497 | D:6      | Gained mutation: You have a moderately thin skeletal
                  | structure. (Dex +4, Stealth+) [demonic ancestry]
  9497 | D:6      | Reached XP level 9. HP: 57/57 MP: 2/18
  9905 | D:6      | Found an ancient bone altar of Kikubaaqudgha.
 10681 | D:7      | Offered knowledge of Searing Ray by Vehumet.
 10742 | D:7      | Reached ** piety under Vehumet
 11790 | D:8      | Found a hazy altar of Hepliaklqana.
 13087 | D:9      | Found a sacrificial altar of Ru.
 13117 | D:9      | Offered knowledge of Frozen Ramparts by Vehumet.
 13375 | D:9      | Reached *** piety under Vehumet
 13730 | D:9      | Found a basalt altar of Yredelemnul.
 13788 | D:9      | Gained mutation: You regenerate magic rapidly. [demonic
                  | ancestry]
 13788 | D:9      | Reached XP level 10. HP: 44/63 MP: 2/21
 14063 | D:9      | Found a sparkling altar of Nemelex Xobeh.
 14095 | D:9      | Reached skill level 5 in Unarmed Combat
 14110 | D:9      | HP: 9/63 [warg (10)]
 14110 | D:9      | Slain by a warg

Illustrated notes

Levels and vault maps discovered:
D:1:      lemuel_arrival_hallway, layout_loops_cross, minmay_stone_trees_small
D:2:      layout_basic
D:3:      layout_loops_corners, minmay_randomly_rotated_circles
D:4:      gammafunk_wand_slinger, layout_loops_cross, minmay_joined_circles,
          uniq_sigmund, uniq_menkaure
D:5:      layout_loops_ring, minitemple, minmay_temple_entry_glass,
          serial_shops, shop, shop, shop_fountains, hex_tiny,
          serial_bayou_pond_c
D:6:      kennysheep_housing_project, layout_cave_pools, marbit_many_paths,
          serial_shops, nicolae_shop_stone, serial_column_ruins,
          column_ruins_temple_hut, column_ruins_hut, column_ruins_grid_1,
          column_ruins_grid_3, column_ruins_grid_1, column_ruins_grid_2,
          column_ruins_open_tiny, column_ruins_open_small_water,
          ebering_ghost_sewer_f, corexii_item_surrounded_by_moat
D:7:      layout_loops_corners
D:8:      layout_basic, kennysheep_little_box
D:9:      layout_loops_ring, lemuel_coloured_pillars_altar,
          nemelex_xobeh_ov_fountains_minmay,
          nicolae_ru_great_annihilating_truth, erik_lair_orcish_takeover

Skill      XL: |  1  2  3  4  5  6  7  8  9 10 |
---------------+-------------------------------+-----
Air Magic      | 3 4 5 6 7 |  7.7
Conjurations   | 2 3 4 5 6 7 |  7.8
Spellcasting   | 3 4 5 6 7 |  7.5
Unarmed Combat | 3 4 5 |  5.0
Dodging        | |  1.7
Stealth        | |  1.7

Action                   |  1- 3 |  4- 6 |  7- 9 | 10-12 || total
-------------------------+-------+-------+-------+-------++-------
Melee: Dagger            |    40 |    34 |    22 |     5 ||   101
       Unarmed           |       |       |    59 |       ||    59
       Punch             |       |       |     2 |     1 ||     3
 Cast: Shock             |    97 |   102 |   337 |    45 ||   581
       Static Discharge  |       |     4 |    11 |       ||    15
       Airstrike         |       |       |    13 |       ||    13
       Lightning Bolt    |       |       |     6 |       ||     6
       Swiftness         |       |       |     2 |       ||     2
  Use: Scroll            |     1 |     1 |    18 |       ||    20
       Potion            |       |       |     7 |       ||     7
 Stab: Sleeping          |     2 |     3 |     3 |       ||     8
Armor: Robe              |    10 |     5 |     7 |       ||    22
       Skin              |       |       |     2 |       ||     2
       Steam dragon scal |       |       |    71 |     5 ||    76
Dodge: Dodged            |    31 |    38 |   166 |    16 ||   251

Table legend: (Time is in decaauts)
 A = Elapsed time spent in this place.
 B = Non-inter-level travel time spent in this place.
 C = Inter-level travel time spent in this place.
 D = Time resting spent in this place.
 E = Time spent auto-exploring this place.
 F = Levels seen in this place.
 G = Mean time per level.
                   A        B        C        D        E       F      G
               +--------+--------+--------+--------+--------+-----+--------+
         Total |  14117 |  13780 |    337 |   5056 |   6702 |   9 | 1568.6 |
       Dungeon |  14117 |  13780 |    337 |   5056 |   6702 |   9 | 1568.6 |
               +--------+--------+--------+--------+--------+-----+--------+

Top non-repeatable levels by time:
     D:3: 2076 daAuts
     D:6: 1906 daAuts
     D:2: 1868 daAuts
     D:4: 1616 daAuts
     D:8: 1506 daAuts
     D:5: 1479 daAuts
     D:1: 1335 daAuts
     D:7: 1190 daAuts
     D:9: 1137 daAuts
